 Dungeon Crawl Stone Soup version 0.31-a0-965-g8a8ce12e04 (webtiles) character file.

Game seed: 9178925585555310585

109 soylentgreeen202 the Changeling (level 4, -1/32 HPs)
             Began as a Barachi Shapeshifter on Oct 26, 2023.
             Slain by a jelly (2 damage)
             ... on level 2 of the Dungeon.
             The game lasted 00:11:20 (2158 turns).

soylentgreeen202 the Changeling (BaSh)              Turns: 2158, Time: 00:11:21

Health: -1/32      AC: -7    Str: 16    XL:     4   Next: 90%
Magic:  4/4        EV: 11    Int: 10    God:
Gold:   78         SH:  0    Dex: 13    Spells: 3/3 levels left

rFire   . . .        o - +0 short sword
rCold   . . .        (no shield)
rNeg    . . .        j - +0 ring mail
rPois   .            (helmet currently unavailable)
rElec   .            (cloak currently unavailable)
rCorr   .            (gloves currently unavailable)
SInv    .            (boots currently unavailable)
Will    .....        (no amulet)
Stlth   +            (no ring)
HPRegen 0.25/turn    (no ring)
MPRegen 0.09/turn

%: no passive effects
@: beast-form, corroded, slow
A: beast (slay +2), amphibious, slowness 1, strong legs 1, +LOS
a: Hop, Begin Untransformation


You were on level 2 of the Dungeon.
You were a hulking beast.
You visited 1 branch of the dungeon, and saw 2 of its levels.

You collected 78 gold pieces.

Inventory:

Hand Weapons
 f - a +0 whip
 g - a +0 spear
 o - a +0 short sword (weapon)
Missiles
 m - 8 poisoned darts (quivered)
 p - 23 stones
Armour
 a - a +0 animal skin
 h - a +0 leather armour
 i - a +0 helmet
 j - a +0 ring mail (worn)
 s - a +0 scale mail
Talismans
 c - a beast talisman
 d - a flux talisman
Wands
 e - a wand of polymorph (5)
Scrolls
 k - 2 scrolls of teleportation {unknown}
 l - a scroll of noise {unknown}
 n - a scroll of amnesia {unknown}
 r - a scroll of fog {unknown}
Potions
 b - a potion of lignification
 q - a potion of invisibility {unknown}


   Skills:
 - Level 1.2 Fighting
 + Level 2.3 Throwing
 - Level 2.1 Dodging
 - Level 3.2 Unarmed Combat
 - Level 5.0 Shapeshifting


You had 3 spell levels left.
You didn't know any spells.
Your spell library was empty.

Dungeon Overview and Level Annotations

Branches:
Dungeon (2/15)

Altars:

Shops:
D:1 !

Annotations:
D:1 exclusion: downstairs


Innate Abilities, Weirdness & Mutations

You are a hulking beast.
Your limbs bulge with bestial killing power. (Slay +2)
You are amphibious.
You cover ground slowly.
You can hop short distances.
You have an extended range of vision and can be seen from far away.


Message History

The goblin is severely wounded.
The goblin hits you but does no damage.
You hit the goblin.
You kill the goblin!
p - 22 stones (gained 4)
You see here a +0 club.
p - 23 stones (gained 1)
m - 7 poisoned darts (gained 1)
m - 8 poisoned darts (gained 1)
A rat comes into view.
Found a scroll labelled KOPNEBR BYREUGUU.
The rat bites you.
You barely miss the rat. The rat bites you but does no damage.
You barely miss the rat. Your punch misses the rat. The rat barely misses you.
You hit the rat.
The rat is severely wounded.
The rat bites you.
You hit the rat.
You kill the rat!
k - 2 scrolls labelled KOPNEBR BYREUGUU (gained 1)
Found a clear potion.
A jelly comes into view.
The jelly quivers.
Found two stone staircases leading down.
You hit the jelly.
Your hands burn!
The jelly is lightly wounded.
The jelly jiggles.
The jelly hits you but does no damage.
You hit the jelly. The acid corrodes you!
Your hands burn!
The jelly is heavily wounded.
The jelly hits you. The acid corrodes you!
You are splashed with acid.
You hit the jelly.
Your hands burn!
The jelly is heavily wounded.
The jelly hits you. The acid corrodes you!
You are splashed with acid.
* * * LOW HITPOINT WARNING * * *
You hit the jelly.
Your hands burn!
* * * LOW HITPOINT WARNING * * *
The jelly is severely wounded.
The jelly hits you.
You die...

############
...........######
.#..............# >.
.....#......#...# ....
....###....###..###......
#....#......#...hJ..!.⌠.⌠
##...#.....###...##......
##..###...## ##..# ....
##.## ##..# #... >. ##..#
...# #..## ...## ##..#
#.## ##..# ... ..#
##..#.# #. ..# ##..#..#
#..#...


You could see a jelly.

Vanquished Creatures
  Robin (D:1)
  5 adders (D:2)
  5 dart slugs
  2 endoplasms (D:1)
  A giant cockroach (D:2)
  9 goblins
  6 hobgoblins
  A quokka (D:1)
  5 ball pythons
  A bat (D:2)
  A frilled lizard (D:2)
  5 kobolds
  4 rats
46 creatures vanquished.

Notes
Turn   | Place    | Note
-------+----------+-------------------------------------------
     0 | D:1      | soylentgreeen202 the Barachi Shapeshifter began the quest
                  | for the Orb.
     0 | D:1      | Reached XP level 1. HP: 15/15 MP: 1/1
   220 | D:1      | Found Areschyu's Distillery.
   355 | D:1      | Reached XP level 2. HP: 21/21 MP: 2/2
   442 | D:1      | Reached skill level 4 in Shapeshifting
  1106 | D:2      | Reached XP level 3. HP: 26/26 MP: 3/3
  1505 | D:2      | Reached XP level 4. HP: 30/32 MP: 4/4
  1509 | D:2      | Reached skill level 1 in Throwing
  1509 | D:2      | Reached skill level 5 in Shapeshifting
  1588 | D:2      | Noticed a phantom
  1692 | D:2      | Noticed Robin
  1873 | D:1      | Killed Robin
  2158 | D:2      | HP: 1/32 [acid (4)]
  2158 | D:2      | Slain by a jelly

Illustrated notes

Levels and vault maps discovered:
D:1:      heliophobic_arrival_ceremonial_halls, layout_rooms,
          serial_co_window_serial, co_window_of_opportunity_a,
          co_window_paths_a, co_window_paths_a, co_window_corner_a,
          co_window_corner_a, co_window_paths_b, co_window_corner_a,
          co_window_paths_c, co_window_2corner, co_window_of_opportunity_b,
          glass_columns_a, glass_columns_b, glass_columns_b, glass_columns_a,
          serial_shops, nicolae_shop_industrial_runoff
D:2:      layout_loops_ring, grunt_ministairs_10, nicolae_half_adder, uniq_robin

Skill      XL: |  1  2  3  4 |
---------------+-------------+-----
Shapeshifting  | 4 5 |  5.0
Throwing       | 2 |  2.3
Fighting       | |  1.2
Dodging        | |  2.1
Unarmed Combat | |  3.2

Action                     |  1- 3 |  4- 6 || total
---------------------------+-------+-------++-------
  Melee: Unarmed           |    15 |       ||    15
         Whip              |    34 |       ||    34
         Short sword       |    50 |    66 ||   116
         Punch             |     1 |     4 ||     5
  Throw: Dart              |     6 |     8 ||    14
Ability: Hop               |     1 |     2 ||     3
    Use: Scroll            |     1 |       ||     1
         Potion            |       |     1 ||     1
 Armour: Animal skin       |     7 |       ||     7
         Ring mail         |    35 |    55 ||    90
  Dodge: Dodged            |    51 |    38 ||    89

Table legend: (Time is in decaauts)
 A = Elapsed time spent in this place.
 B = Non-inter-level travel time spent in this place.
 C = Inter-level travel time spent in this place.
 D = Time resting spent in this place.
 E = Time spent auto-exploring this place.
 F = Levels seen in this place.
 G = Mean time per level.
                   A        B        C        D        E       F      G
               +--------+--------+--------+--------+--------+-----+--------+
         Total |   2416 |   2326 |     90 |    503 |    627 |   2 | 1208.0 |
       Dungeon |   2416 |   2326 |     90 |    503 |    627 |   2 | 1208.0 |
               +--------+--------+--------+--------+--------+-----+--------+

Top non-repeatable levels by time:
     D:1: 1543 daAuts
     D:2: 873 daAuts
